AoeStats
← HairlessRex3750

Arabia

508222457Analyzed
1v1 RM · 10d ago on Sep 21, 2026· 47m 34s· 2 players
Game mode
Random Map
Map size
Tiny (2 player)
Population
200
Speed
Normal
Resources
Standard
Victory
Conquest
Starting age
Dark Age
Ending age
Imperial Age
RankedLock teamsTeams togetherTeam positionsShared explorationLock speedFull tech treeHidden civsTurbo modeCheats
Victory
Defeat
🇦🇷 Burgundians · Argentina
1153
+15
🇦🇷 Khmer · Argentina
1134
-15
HairlessRex3750
6:58 Loom
9:22 Feudal Age
14:05 Horse Collar
14:40 Scale Barding Armor
14:46 Forging
14:35 Double-Bit Axe
21:00 Castle Age
19:36 Gold Mining
20:00 Forging
20:25 Bloodlines
23:09 Wheelbarrow
23:30 Husbandry
24:56 Gold Shaft Mining
26:20 Chain Barding Armor
26:36 Iron Casting
28:43 Heavy Plow
28:20 Pikeman
31:09 Hand Cart
40:43 Imperial Age
41:53 Conscription
41:05 Halberdier
42:23 Plate Barding Armor
41:50 Scale Mail Armor
43:46 Chemistry
42:53 Siege Engineers
42:59 Masonry
44:38 Blast Furnace
44:00 Chain Mail Armor
47:04 Ballistics
PNAL | Bebeganzo
6:22 Loom
9:09 Feudal Age
8:02 Double-Bit Axe
8:43 Horse Collar
20:43 Castle Age
19:18 Gold Mining
19:41 Bow Saw
19:33 Heavy Plow
20:30 Forging
21:12 Scale Barding Armor
24:26 Cavalier
26:21 Husbandry
28:35 Iron Casting
30:35 Wheelbarrow
29:47 Town Watch
33:31 Chain Barding Armor
37:34 Imperial Age
35:31 Hand Cart
38:08 Burgundian Vineyards
37:59 Fletching
39:08 Plate Barding Armor
39:12 Conscription
39:32 Gold Shaft Mining
38:48 Stone Mining
40:07 Chemistry
40:25 Blast Furnace
39:26 Paladin
40:27 Bodkin Arrow
41:28 Ballistics
41:23 Masonry
40:43 Elite Skirmisher
41:31 Padded Archer Armor
42:24 Crop Rotation
42:55 Two-Man Saw
Connection lost

Rejoining the realm…

Still unreachable

The connection could not be restored.

Session expired

The server has moved on; the page needs a fresh start.